 Dungeon Crawl Stone Soup version 0.20.0-10-g0535bb4 (webtiles) character file.

6196 MTVSty1e the Cleaver (level 10, 0/74 HPs)
             Began as a Gargoyle Fighter on June 4, 2017.
             Was a High Priest of Okawaru.
             Slain by an unseen horror (3 damage)
             ... on level 9 of the Dungeon.
             The game lasted 00:14:06 (7698 turns).

MTVSty1e the Cleaver (Gargoyle Fighter)             Turns: 7698, Time: 00:14:07

Health: 0/74       AC: 23    Str: 23    XL:     10   Next: 91%
Magic:  10/10      EV:  4    Int:  9    God:    Okawaru [*****.]
Gold:   504        SH: 10    Dex:  9    Spells: 9/9 levels left

rFire    . . .     SeeInvis .   a - +1 war axe
rCold    + . .     Gourm    .   c - +1 shield
rNeg     + . .     Faith    .   B - +0 plate armour
rPois    ∞         Spirit   .   n - +0 helmet
rElec    +         Reflect  .   u - +0 cloak
rCorr    +         Harm     .   m - +0 pair of gloves {archery}
MR       +....                  (no boots)
Stlth    ..........             r - amulet of regeneration
Regen    0.0/turn               j - ring of resist corrosion
MPRegen  0.2/turn               t - ring of protection from cold

@: no status effects
A: talons 1, yellow scales 1, magic resistance 1, negative energy resistance 1,
robust 1, electricity resistance, inhibited regeneration, unbreathing,
petrification resistance, rot immunity, AC +7
a: Heroism, Finesse, Renounce Religion


You were on level 9 of the Dungeon.
You worshipped Okawaru.
Okawaru was extremely pleased with you.
You were full.

You visited 2 branches of the dungeon, and saw 10 of its levels.

You collected 504 gold pieces.

Inventory:

Hand Weapons
 a - a +1 war axe (weapon)
Armour
 b - a +0 scale mail
 c - a +1 shield (worn)
 m - a +0 pair of gloves of archery (worn)
 n - a +0 helmet (worn)
 u - a +0 cloak (worn)
 B - a +0 plate armour (worn)
Jewellery
 j - a ring of resist corrosion (left hand)
 r - an amulet of regeneration (around neck)
 t - a ring of protection from cold (right hand)
Wands
 h - a wand of lightning (11/15)
 p - a wand of clouds (5/9)
 v - a wand of disintegration (7/24)
 w - a wand of polymorph (3/24)
 G - a wand of acid (9/15)
Scrolls
 l - 2 scrolls of enchant weapon
 y - 4 scrolls of remove curse
 I - a scroll of recharging
Potions
 e - a potion of brilliance {unknown}
 i - 2 potions of lignification
 k - a potion of agility {unknown}
 o - 3 potions of mutation {unknown}
 q - 3 potions of magic
 s - 2 potions of berserk rage
 x - a potion of curing
 A - a potion of flight {unknown}
 F - a potion of might
Books
 f - a book of Misfortune

   Spells                             Type                      Level
   a - Confusing Touch                Hexes                        1
   b - Confuse                        Hexes                        3
   c - Gell's Gravitas                Translocation                3
   d - Petrify                        Transmutation/Earth          4
   e - Metabolic Englaciation         Hexes/Ice                    5
   f - Yara's Violent Unravelling     Hexes/Transmutation          5
Comestibles
 d - 6 bread rations
 g - 3 meat rations


   Skills:
 + Level 10.8 Fighting
 * Level 11.9 Axes
 - Level 3.2 Armour
 - Level 3.2 Shields


You had 9 spell levels left.
You didn't know any spells.

Dungeon Overview and Level Annotations

Branches:
Dungeon (9/15)             Temple (1/1) D:4
   Lair: D:8-11         Orc: D:9-12

Altars:
Ashenzari
Elyvilon
Fedhas
Kikubaaqudgha
Nemelex Xobeh
Okawaru
Qazlal
Ru
Sif Muna
Trog
Uskayaw
Vehumet
Yredelemnul
Zin


Innate Abilities, Weirdness & Mutations

You are resistant to torment.
Your stone body is resilient. (AC +7)
You are immune to poison.
You resist negative energy. (rN+)
You are resistant to electric shocks. (rElec)
You can survive without breathing.
You are immune to petrification.
You are immune to rotting.
You have sharp toenails.
You are partially covered in yellow scales. (AC +2)
You are resistant to hostile enchantments. (MR+)
You are robust. (+10% HP)
You do not regenerate when monsters are visible.


Message History

* * * LOW HITPOINT WARNING * * *
Something hits you but does no damage.
Something hits you but does no damage. x2
Something hits you but does no damage. Something hits you.
* * * LOW HITPOINT WARNING * * *
Something hits you.
* * * LOW HITPOINT WARNING * * *
You block something's attack. Something hits you but does no damage.
You see here a long sword.
Something hits you but does no damage. Something hits you but does no damage.
Something hits you but does no damage. You block something's attack.
Something hits you but does no damage. Something hits you but does no damage.
Something hits you but does no damage. Something hits you.
You die...

...................).#
#...#
..#....###..........##
##..## ##."##
##..........###...# #..#
#............#..## #..##
##............###.#
#...###................##
##.....................##
#...........#.#..#....##
#.........@.########.##
##.........#.# #.##
###.........### ###
#.#..........#
###....<<<.### ##########


There were no monsters in sight!

Vanquished Creatures
  A two-headed ogre (D:9)
  The ghost of Mlkhall the Grappler, a novice DrTm of Cheibriados (D:7)
  Pikel (D:8)
  Joseph (D:8)
  The ghost of anfisbena the Skirmisher, a novice DsFi of Uskayaw (D:6)
  The ghost of MTVSty1e the Chopper, a novice GrFi (D:4)
  The ghost of MTVSty1e the Skirmisher, an amateur GrFi (D:3)
  2 hippogriffs
  A yak (D:9)
  A hungry ghost (D:7)
  A water moccasin (D:8)
  3 porcupines (D:9)
  3 ice beasts
  2 sky beasts
  A phantom (D:5)
  An orc warrior (D:6)
  2 black bears
  An ogre (D:7)
  A centaur (D:5)
  6 bullfrogs
  3 scorpions
  3 wights (D:8)
  4 howler monkeys
  A bullfrog zombie (D:7)
  4 crimson imps
  2 hounds
  Crazy Yiuf (D:2)
  An iguana (D:6)
  3 orc wizards
  3 worker ants
  2 hound skeletons
  A worker ant zombie (D:8)
  Robin (D:2)
  4 gnolls (D:6)
  7 adders
  A shadow imp (D:5)
  2 worms (D:3)
  2 dart slugs
  2 leopard geckos
  13 orcs
  6 bats
  A giant cockroach (D:2)
  12 goblins
  3 hobgoblins
  6 jackals
  2 ball pythons
  3 frilled lizards
  7 kobolds
  A leopard gecko skeleton (D:6)
  5 rats
  A fungus (D:2)
139 creatures vanquished.

Vanquished Creatures (others)
  5 fungi (D:9)
5 creatures vanquished.

Grand Total: 144 creatures vanquished

Notes
Turn   | Place    | Note
-------+----------+-------------------------------------------
     0 | D:1      | MTVSty1e the Gargoyle Fighter began the quest for the Orb.
     0 | D:1      | Reached XP level 1. HP: 14/14 MP: 1/1
    79 | D:1      | Reached skill level 2 in Axes
    79 | D:1      | Reached XP level 2. HP: 13/20 MP: 2/2
   439 | D:1      | Found a sparkling altar of Nemelex Xobeh.
   917 | D:2      | Reached XP level 3. HP: 14/24 MP: 3/3
  1077 | D:2      | Noticed Robin
  1093 | D:2      | Killed Robin
  1769 | D:2      | Reached skill level 3 in Axes
  1769 | D:2      | Reached XP level 4. HP: 29/29 MP: 4/4
  1858 | D:2      | Found a runed door.
  1862 | D:2      | Noticed Crazy Yiuf
  1870 | D:2      | Killed Crazy Yiuf
  2322 | D:3      | Reached XP level 5. HP: 24/34 MP: 5/5
  2604 | D:3      | Noticed MTVSty1e's ghost (amateur GrFi)
  2615 | D:3      | Killed MTVSty1e's ghost
  2615 | D:3      | Reached skill level 5 in Fighting
  2615 | D:3      | Reached skill level 4 in Axes
  2615 | D:3      | Reached XP level 6. HP: 12/40 MP: 6/6
  3024 | D:3      | Reached skill level 5 in Axes
  3313 | D:4      | Noticed MTVSty1e's ghost (novice GrFi)
  3347 | D:4      | Killed MTVSty1e's ghost
  3347 | D:4      | Reached skill level 6 in Axes
  3347 | D:4      | Reached XP level 7. HP: 35/46 MP: 7/7
  3673 | D:4      | Found a staircase to the Ecumenical Temple.
  3692 | Temple   | Entered the Ecumenical Temple
  3705 | Temple   | Became a worshipper of Warmaster Okawaru
  3938 | D:5      | Entered Level 5 of the Dungeon
  4085 | D:5      | Reached XP level 8. HP: 51/52 MP: 8/8
  4565 | D:5      | Reached * piety under Okawaru
  4704 | D:6      | Reached skill level 7 in Axes
  4971 | D:6      | Noticed anfisbena's ghost (novice DsFi)
  4983 | D:6      | Killed anfisbena's ghost
  4983 | D:6      | Reached ** piety under Okawaru
  4983 | D:6      | Reached skill level 8 in Axes
  5037 | D:6      | Reached XP level 9. HP: 58/59 MP: 9/9
  5551 | D:7      | Found a deep blue altar of Sif Muna.
  5552 | D:7      | Found a sacrificial altar of Ru.
  5569 | D:7      | Found a hide-covered altar of Uskayaw.
  5569 | D:7      | Found a basalt altar of Yredelemnul.
  5571 | D:7      | Found a radiant altar of Vehumet.
  5572 | D:7      | Found a white marble altar of Elyvilon.
  5683 | D:7      | Noticed Mlkhall's ghost (novice DrTm)
  5706 | D:7      | Killed Mlkhall's ghost
  5706 | D:7      | Reached *** piety under Okawaru
  5706 | D:7      | Reached skill level 9 in Axes
  5884 | D:7      | Found a sparkling altar of Nemelex Xobeh.
  6026 | D:7      | Reached skill level 10 in Axes
  6113 | D:7      | Gained mutation: You do not regenerate when monsters are visible. [mutagenic meat]
  6114 | D:7      | Gained mutation: You are weak. (Str -2) [mutagenic meat]
  6115 | D:7      | Gained mutation: You are robust. (+10% HP) [mutagenic meat]
  6116 | D:7      | Gained mutation: You are partially covered in yellow scales. (AC +2) [mutagenic meat]
  6117 | D:7      | Gained mutation: You have sharp toenails. [mutagenic meat]
  6118 | D:7      | Lost mutation: You are weak. (Str -2) [mutagenic meat]
  6305 | D:8      | Reached XP level 10. HP: 67/72 MP: 10/10
  6310 | D:8      | Noticed Joseph
  6340 | D:8      | Killed Joseph
  6420 | D:8      | Reached **** piety under Okawaru
  6985 | D:8      | Noticed Pikel
  6997 | D:8      | Killed Pikel
  6997 | D:8      | Received a gift from Okawaru
  6997 | D:8      | Reached skill level 10 in Fighting
  6997 | D:8      | Reached skill level 11 in Axes
  7021 | D:8      | Gained mutation: You are resistant to hostile enchantments. (MR+) [mutagenic meat]
  7278 | D:9      | Noticed a two-headed ogre
  7289 | D:9      | Killed a two-headed ogre
  7299 | D:9      | Reached ***** piety under Okawaru
  7688 | D:9      | HP: 3/74 [something (5)]
  7698 | D:9      | Slain by an unseen horror

Skill      XL: |  1  2  3  4  5  6  7  8  9 10 |
---------------+-------------------------------+-----
Axes           | 2 3 4 6 8 10 11 | 11.9
Fighting       | 4 5 6 7 9 10 | 10.8
Armour         | |  3.2
Shields        | |  3.2

Action                   |  1- 3 |  4- 6 |  7- 9 | 10-12 || total
-------------------------+-------+-------+-------+-------++-------
Melee: War axe           |   140 |   112 |   258 |   157 ||   667
       Kick              |       |       |     4 |    38 ||    42
Invok: Heroism           |       |       |     1 |     2 ||     3
Evoke: Wand              |       |       |       |     1 ||     1
  Use: Potion            |       |     3 |     2 |       ||     5
       Scroll            |       |     9 |    10 |     1 ||    20
  Eat: Bread ration      |     1 |     1 |       |       ||     2
       Chunk             |     1 |       |     9 |     1 ||    11
       Fruit             |       |       |     4 |       ||     4
       Royal jelly       |       |       |     1 |     2 ||     3
       Meat ration       |       |       |     1 |     1 ||     2
Armor: Scale mail        |   120 |    53 |    25 |       ||   198
       Plate armour      |       |       |   142 |   221 ||   363
Dodge: Dodged            |    66 |    18 |    36 |    20 ||   140
Block: Shield            |    94 |    56 |   118 |    90 ||   358
